TOP OF THE 1ST |
San Francisco Giants batting - Pitching for San Diego Padres : LHP Gerardo Amendoeira
|
Pitching: LHP Gerardo Amendoeira
|
|
Batting: RHB Nick Rigden
|
0-0: Swinging Strike 0-1: Ball 1-1: Swinging Strike 1-2: Foul Ball, location: 2F 1-2: Ball 2-2: SINGLE (Groundball, 56D, EV 101.2 MPH)
|
Batting: SHB Ryan Doss
|
0-0: Called Strike 0-1: Ball 1-1: Ball 2-1: Foul Ball, location: 2F 2-2: Hit by Pitch Nick Rigden to second
|
Batting: LHB Jack Henningar
|
0-0: Foul Ball, location: 2F 0-1: Ball 1-1: Called Strike 1-2: Strikes out swinging
|
Batting: LHB Willis Robles
|
0-0: Ball 1-0: Ball 2-0: Fly out, F7 (Flyball, 7LM, EV 87.5 MPH) Runner from 2nd tags up, SAFE at 3rd with throw by LF
|
Batting: RHB Sean Zielinski
|
0-0: Ball 1-0: Ball 2-0: Called Strike 2-1: Ball 3-1: Called Strike 3-2: Fly out, F3 (Popup, 3S, EV 74.4 MPH)
|
Top of the 1st over - 0 runs, 1 hit, 0 errors, 2 left on base; San Francisco 0 - San Diego 0 |
BOTTOM OF THE 1ST |
San Diego Padres batting - Pitching for San Francisco Giants : RHP Nicolas Coppola II
|
Pitching: RHP Nicolas Coppola II
|
|
Batting: LHB Ryan Flynn Jr.
|
0-0: Ball 1-0: Called Strike 1-1: Called Strike 1-2: Foul Ball, location: 2F 1-2: Foul Ball, location: 2F 1-2: Ball 2-2: Ball 3-2: Foul Ball, location: 2F 3-2: SINGLE (Line Drive, 78S, EV 105.0 MPH)
|
Batting: SHB Jerry Luckwell
|
0-0: Called Strike 0-1: Called Strike 0-2: Strikes out looking
|
Batting: RHB Bobby Ayala
|
0-0: Ball 1-0: Called Strike Ryan Flynn Jr. is caught stealing 2nd base 2-4 1-1: Foul Ball, location: 2F 1-2: Foul Ball, location: 2F 1-2: Ball 2-2: Strikes out swinging
|
Bottom of the 1st over - 0 runs, 1 hit, 0 errors, 0 left on base; San Francisco 0 - San Diego 0 |
TOP OF THE 2ND |
San Francisco Giants batting - Pitching for San Diego Padres : LHP Gerardo Amendoeira
|
Batting: SHB Merrick Geter
|
0-0: Ball 1-0: Ball 2-0: Ball 3-0: Called Strike 3-1: Foul Ball, location: 2F 3-2: Fly out, F6 (Popup, P, EV 82.5 MPH)
|
Batting: LHB John Blair
|
0-0: Ball 1-0: Foul Ball, location: 2F 1-1: Foul Ball, location: 2F 1-2: Foul Ball, location: 2F 1-2: Foul Ball, location: 2F 1-2: Fly out, F4 (Flyball, 4D, EV 90.0 MPH)
|
Batting: RHB Bobby Scholl
|
0-0: Called Strike 0-1: Ball 1-1: Called Strike 1-2: Strikes out looking
|
Top of the 2nd over - 0 runs, 0 hits, 0 errors, 0 left on base; San Francisco 0 - San Diego 0 |
BOTTOM OF THE 2ND |
San Diego Padres batting - Pitching for San Francisco Giants : RHP Nicolas Coppola II
|
Batting: LHB Mike Holt
|
0-0: Ball 1-0: Called Strike 1-1: Called Strike 1-2: SINGLE (Line Drive, 56D, EV 95.6 MPH)
|
Batting: RHB Jorge Severiano
|
0-0: SINGLE (Groundball, 13, EV 86.9 MPH) (infield hit) Mike Holt to second
|
Batting: LHB Aaron LeBlanc
|
0-0: Ball 1-0: Foul Ball, location: 2F 1-1: Ball 2-1: Foul Ball, location: 2F 2-2: Foul Ball, location: 2F 2-2: Ball 3-2: Strikes out swinging
|
Batting: RHB Kevin Howard
|
0-0: Foul Ball, location: 2F 0-1: Called Strike 0-2: Ball 1-2: Ball 2-2: Foul Ball, location: 2F 2-2: DOUBLE (Line Drive, 9LM, EV 97.5 MPH) Mike Holt scores Jorge Severiano to third
|
Batting: RHB Alois Wollf
|
0-0: Ball 1-0: Foul Ball, location: 2F 1-1: Ground out 5-3 (Groundball, 5S, EV 68.8 MPH)
|
Batting: LHB Chris Moody
|
0-0: Swinging Strike 0-1: Ball 1-1: Ball 2-1: Swinging Strike 2-2: Ball 3-2: Ground out 4-3 (Groundball, 4S, EV 93.1 MPH)
|
Bottom of the 2nd over - 1 run, 3 hits, 0 errors, 2 left on base; San Francisco 0 - San Diego 1 |
TOP OF THE 3RD |
San Francisco Giants batting - Pitching for San Diego Padres : LHP Gerardo Amendoeira
|
Batting: SHB Bill Dooms
|
0-0: Ground out 5-3 (Groundball, 56S, EV 91.9 MPH)
|
Batting: RHB Nick Rigden
|
0-0: Ball 1-0: Ball 2-0: Called Strike 2-1: SINGLE (Line Drive, 8LS, EV 95.0 MPH)
|
Batting: SHB Ryan Doss
|
0-0: Called Strike 0-1: Ball 1-1: Ball 2-1: Fly out, F5 (Line Drive, 5, EV 69.4 MPH)
|
Batting: LHB Jack Henningar
|
0-0: Ball 1-0: Ground out 4-3 (Groundball, 4, EV 93.1 MPH)
|
Top of the 3rd over - 0 runs, 1 hit, 0 errors, 1 left on base; San Francisco 0 - San Diego 1 |
BOTTOM OF THE 3RD |
San Diego Padres batting - Pitching for San Francisco Giants : RHP Nicolas Coppola II
|
Batting: LHB Ryan Flynn Jr.
|
0-0: Ball 1-0: Foul Ball, location: 2F 1-1: Foul Ball, location: 2F 1-2: Foul Ball, location: 2F 1-2: Ball 2-2: Strikes out swinging
|
Batting: SHB Jerry Luckwell
|
0-0: Ball 1-0: Called Strike 1-1: Ball 2-1: Ball 3-1: DOUBLE (Line Drive, 7LS, EV 89.4 MPH)
|
Batting: RHB Bobby Ayala
|
0-0: Ball 1-0: SINGLE (Groundball, 6MD, EV 105.0 MPH) Jerry Luckwell to third Runner from 3rd tries for Home, SAFE, throw by CF to home
|
Batting: LHB Mike Holt
|
0-0: DOUBLE (Line Drive, 3D, EV 106.2 MPH) Bobby Ayala to third
|
Batting: RHB Jorge Severiano
|
0-0: Called Strike 0-1: Ball 1-1: Called Strike 1-2: Strikes out swinging
|
Batting: LHB Aaron LeBlanc
|
0-0: Foul Ball, location: 2F 0-1: Ball 1-1: Ball 2-1: SINGLE (Line Drive, 56D, EV 95.6 MPH) Bobby Ayala scores Mike Holt to third Runner from 3rd tries for Home, SAFE, throw by LF to home
|
Batting: RHB Kevin Howard
|
0-0: Ball 1-0: Foul Ball, location: 2F 1-1: SINGLE (Line Drive, 8RS, EV 95.6 MPH) Aaron LeBlanc to second
|
Batting: RHB Alois Wollf
|
0-0: Foul Ball, location: 2F 0-1: Ball 1-1: TRIPLE (Line Drive, 9LD, EV 98.1 MPH) Aaron LeBlanc scores Kevin Howard scores
|
Pitching: LHP Chris Moris
|
|
Batting: LHB Chris Moody
|
0-0: Ball 1-0: Ground out U3 (Groundball, 3, EV 86.9 MPH)
|
Bottom of the 3rd over - 5 runs, 6 hits, 0 errors, 1 left on base; San Francisco 0 - San Diego 6 |
TOP OF THE 4TH |
San Francisco Giants batting - Pitching for San Diego Padres : LHP Gerardo Amendoeira
|
Batting: LHB Willis Robles
|
0-0: Ball 1-0: Ball 2-0: Foul Ball, location: 2F 2-1: Swinging Strike 2-2: Foul Ball, location: 2F 2-2: Foul Ball, location: 2F 2-2: Ground out 4-3 (Groundball, 4, EV 111.9 MPH)
|
Batting: RHB Sean Zielinski
|
0-0: Called Strike 0-1: Foul Ball, location: 2F 0-2: Ball 1-2: Ball 2-2: Foul Ball, location: 2F 2-2: Strikes out looking
|
Batting: SHB Merrick Geter
|
0-0: SINGLE (Groundball, 23, EV 67.5 MPH) (infield hit)
|
Batting: LHB John Blair
|
0-0: Swinging Strike 0-1: Called Strike 0-2: Ball 1-2: Ground out U3 (Groundball, 3L, EV 86.9 MPH)
|
Top of the 4th over - 0 runs, 1 hit, 0 errors, 1 left on base; San Francisco 0 - San Diego 6 |
BOTTOM OF THE 4TH |
San Diego Padres batting - Pitching for San Francisco Giants : LHP Chris Moris
|
Batting: LHB Ryan Flynn Jr.
|
0-0: Called Strike 0-1: Ball 1-1: Foul Ball, location: 2F 1-2: Ball 2-2: Ground out 6-3 (Groundball, 4M, EV 98.8 MPH)
|
Batting: SHB Jerry Luckwell
|
0-0: SOLO HOME RUN (Flyball, 8LXD, EV 105.6 MPH), Distance : 407 ft
|
Batting: RHB Bobby Ayala
|
0-0: Ball 1-0: Foul Ball, location: 2F 1-1: Ball 2-1: Fly out, F3 (Line Drive, 3, EV 74.4 MPH)
|
Batting: LHB Mike Holt
|
0-0: Foul Ball, location: 2F 0-1: Foul Ball, location: 2F 0-2: Ball 1-2: Ground out 5-3 (Groundball, 56S, EV 80.0 MPH)
|
Bottom of the 4th over - 1 run, 1 hit, 0 errors, 0 left on base; San Francisco 0 - San Diego 7 |
TOP OF THE 5TH |
San Francisco Giants batting - Pitching for San Diego Padres : LHP Gerardo Amendoeira
|
Batting: RHB Bobby Scholl
|
0-0: Called Strike 0-1: SINGLE (Groundball, 6M, EV 101.9 MPH) (infield hit)
|
Batting: SHB Bill Dooms
|
0-0: Ball 1-0: Ball 2-0: Ball 3-0: Base on Balls Bobby Scholl to second
|
Batting: RHB Nick Rigden
|
0-0: Ball 1-0: Called Strike 1-1: Swinging Strike 1-2: Ball 2-2: Foul Ball, location: 2F 2-2: Strikes out swinging
|
Batting: SHB Ryan Doss
|
0-0: Fly out, F9 (Flyball, 9, EV 87.5 MPH)
|
Batting: LHB Jack Henningar
|
0-0: Ball 1-0: Called Strike 1-1: Foul Ball, location: 2F 1-2: Fly out, F5 (Popup, 6, EV 77.5 MPH)
|
Top of the 5th over - 0 runs, 1 hit, 0 errors, 2 left on base; San Francisco 0 - San Diego 7 |
BOTTOM OF THE 5TH |
San Diego Padres batting - Pitching for San Francisco Giants : LHP Chris Moris
|
Batting: RHB Jorge Severiano
|
0-0: Ball 1-0: Called Strike 1-1: Foul Ball, location: 2F 1-2: Ball 2-2: Ball 3-2: Strikes out swinging
|
Batting: LHB Aaron LeBlanc
|
0-0: Ball 1-0: Ball 2-0: Fly out, F9 (Flyball, 9, EV 86.2 MPH)
|
Batting: RHB Kevin Howard
|
0-0: Called Strike 0-1: Ball 1-1: Ground out 6-3 (Groundball, 6, EV 85.0 MPH)
|
Bottom of the 5th over - 0 runs, 0 hits, 0 errors, 0 left on base; San Francisco 0 - San Diego 7 |
TOP OF THE 6TH |
San Francisco Giants batting - Pitching for San Diego Padres : LHP Gerardo Amendoeira
|
Batting: LHB Willis Robles
|
0-0: Foul Ball, location: 2F 0-1: Ball 1-1: Called Strike 1-2: Ball 2-2: Strikes out swinging
|
Batting: RHB Sean Zielinski
|
0-0: Called Strike 0-1: Called Strike 0-2: Ball 1-2: Ball 2-2: Ball 3-2: Foul Ball, location: 2F 3-2: Base on Balls
|
Batting: SHB Merrick Geter
|
0-0: Ball 1-0: Swinging Strike 1-1: Foul Ball, location: 2F 1-2: Strikes out looking
|
Batting: LHB John Blair
|
0-0: Ball 1-0: Ball 2-0: Ground out 1-3 (Groundball, P, EV 63.1 MPH)
|
Top of the 6th over - 0 runs, 0 hits, 0 errors, 1 left on base; San Francisco 0 - San Diego 7 |
BOTTOM OF THE 6TH |
San Diego Padres batting - Pitching for San Francisco Giants : LHP Chris Moris
|
Batting: RHB Alois Wollf
|
0-0: Called Strike 0-1: Swinging Strike 0-2: Foul Ball, location: 2F 0-2: Fly out, F7 (Flyball, 7S, EV 76.9 MPH)
|
Pitching: RHP Borisz Barciniak
|
|
Batting: LHB Chris Moody
|
0-0: Called Strike 0-1: Swinging Strike 0-2: Ball 1-2: Foul Ball, location: 2F 1-2: Foul Ball, location: 2F 1-2: Ground out 1-3 (Groundball, 34S, EV 65.6 MPH)
|
Batting: LHB Ryan Flynn Jr.
|
0-0: Ball 1-0: Swinging Strike 1-1: Called Strike 1-2: Foul Ball, location: 2F 1-2: Ball 2-2: Fly out, F9 (Line Drive, 9, EV 88.8 MPH)
|
Bottom of the 6th over - 0 runs, 0 hits, 0 errors, 0 left on base; San Francisco 0 - San Diego 7 |
TOP OF THE 7TH |
San Francisco Giants batting - Pitching for San Diego Padres : LHP Gerardo Amendoeira
|
Batting: RHB Bobby Scholl
|
0-0: Ball 1-0: Ball 2-0: Called Strike 2-1: Ball 3-1: Ground out 6-3 (Groundball, 6, EV 91.9 MPH)
|
Pitching: RHP Bobby Mauk
|
|
Batting: SHB Bill Dooms
|
0-0: Ball 1-0: Called Strike 1-1: Called Strike 1-2: Ground out 4-3 (Groundball, 34, EV 83.1 MPH)
|
Batting: RHB Nick Rigden
|
0-0: Ball 1-0: Ball 2-0: Called Strike 2-1: Ball 3-1: Called Strike 3-2: Base on Balls
|
Batting: SHB Ryan Doss
|
0-0: Called Strike Nick Rigden steals 2nd base 0-1: Ball 1-1: Ball 2-1: Ball 3-1: Base on Balls
|
Pinch Hitting: RHB Henri Cederberg
|
0-0: Ball 1-0: Foul Ball, location: 2F 1-1: Fly out, F7 (Flyball, 7, EV 82.5 MPH)
|
Top of the 7th over - 0 runs, 0 hits, 0 errors, 2 left on base; San Francisco 0 - San Diego 7 |
BOTTOM OF THE 7TH |
San Diego Padres batting - Pitching for San Francisco Giants : RHP Borisz Barciniak
|
Now at 1B: Henri Cederberg
|
|
Batting: SHB Jerry Luckwell
|
0-0: Called Strike 0-1: Ball 1-1: Foul Ball, location: 2F 1-2: Foul Ball, location: 2F 1-2: Ball 2-2: Strikes out swinging
|
Batting: RHB Bobby Ayala
|
0-0: Called Strike 0-1: Ball 1-1: Ball 2-1: Called Strike 2-2: Hit by Pitch
|
Pitching: LHP Tyler Stancil
|
|
Batting: LHB Mike Holt
|
0-0: Foul Ball, location: 2F 0-1: Swinging Strike 0-2: Ball 1-2: Ball 2-2: Ball 3-2: SINGLE (Line Drive, 7LS, EV 103.1 MPH) Bobby Ayala to second
|
Batting: RHB Jorge Severiano
|
0-0: Ball 1-0: Ball 2-0: Ball 3-0: Base on Balls Bobby Ayala to third Mike Holt to second
|
Batting: LHB Aaron LeBlanc
|
0-0: Called Strike 0-1: Foul Ball, location: 2F 0-2: Foul Ball, location: 2F 0-2: Ball Wild Pitch! Bobby Ayala scores Mike Holt to third Jorge Severiano to second 1-2: Ball 2-2: Ground out 6-3 (Groundball, 56, EV 91.2 MPH) Mike Holt scores
|
Batting: RHB Kevin Howard
|
0-0: Called Strike 0-1: Ball 1-1: Foul Ball, location: 2F 1-2: SINGLE (Flyball, 5D, EV 91.2 MPH) Jorge Severiano to third Runner from 3rd tries for Home, SAFE, throw by LF to home
|
Pitching: RHP Micah Teller
|
|
Batting: RHB Alois Wollf
|
0-0: Ball 1-0: Ball 2-0: Ball 3-0: Called Strike 3-1: Called Strike 3-2: Strikes out swinging
|
Bottom of the 7th over - 3 runs, 2 hits, 0 errors, 1 left on base; San Francisco 0 - San Diego 10 |
TOP OF THE 8TH |
San Francisco Giants batting - Pitching for San Diego Padres : RHP Bobby Mauk
|
Pinch Hitting: LHB Tom Best
|
0-0: Called Strike 0-1: Swinging Strike 0-2: Ball 1-2: Ball 2-2: Strikes out looking
|
Batting: RHB Sean Zielinski
|
0-0: Foul Ball, location: 2F 0-1: Foul Ball, location: 2F 0-2: Ball 1-2: Fly out, F4 (Popup, 4, EV 65.0 MPH)
|
Batting: SHB Merrick Geter
|
0-0: Foul Ball, location: 2F 0-1: Ball 1-1: Called Strike 1-2: SINGLE (Groundball, 6MD, EV 101.9 MPH) (infield hit)
|
Batting: LHB John Blair
|
0-0: Ball 1-0: Ball 2-0: Ball 3-0: Called Strike 3-1: Foul Ball, location: 2F 3-2: Base on Balls Merrick Geter to second
|
Batting: RHB Bobby Scholl
|
0-0: Ball 1-0: Called Strike 1-1: Foul Ball, location: 2F 1-2: Ball 2-2: Foul Ball, location: 2F 2-2: Strikes out looking
|
Top of the 8th over - 0 runs, 1 hit, 0 errors, 2 left on base; San Francisco 0 - San Diego 10 |
BOTTOM OF THE 8TH |
San Diego Padres batting - Pitching for San Francisco Giants : RHP Micah Teller
|
Now in LF: Tom Best
|
|
Batting: LHB Chris Moody
|
0-0: Foul Ball, location: 2F 0-1: Swinging Strike 0-2: Foul Ball, location: 2F 0-2: Foul Ball, location: 2F 0-2: Ground out 4-3 (Groundball, 4, EV 80.6 MPH)
|
Batting: LHB Ryan Flynn Jr.
|
0-0: Ball 1-0: Ball 2-0: Swinging Strike 2-1: Ball 3-1: Base on Balls
|
Batting: SHB Jerry Luckwell
|
0-0: Swinging Strike 0-1: Ball 1-1: Ball 2-1: Foul Ball, location: 2F 2-2: Ball 3-2: Base on Balls Ryan Flynn Jr. to second
|
Pitching: RHP Charles Hewson
|
|
Batting: RHB Bobby Ayala
|
0-0: Ball 1-0: Ball 2-0: Ball 3-0: Base on Balls Ryan Flynn Jr. to third Jerry Luckwell to second
|
Batting: LHB Mike Holt
|
0-0: Called Strike 0-1: Ball 1-1: Ball 2-1: Foul Ball, location: 2F 2-2: Ball 3-2: Grounds into double play, 4-6-3 (Groundball, 4D, EV 109.4 MPH)
|
Bottom of the 8th over - 0 runs, 0 hits, 0 errors, 2 left on base; San Francisco 0 - San Diego 10 |
TOP OF THE 9TH |
San Francisco Giants batting - Pitching for San Diego Padres : RHP Bobby Mauk
|
Batting: SHB Bill Dooms
|
0-0: Ball 1-0: Ball 2-0: Called Strike 2-1: Ball 3-1: Base on Balls
|
Pitching: LHP Ricardo Chavez
|
|
Batting: RHB Nick Rigden
|
0-0: Ball 1-0: Grounds into double play, 6-4-3 (Groundball, 56, EV 100.6 MPH)
|
Batting: SHB Ryan Doss
|
0-0: Called Strike 0-1: Called Strike 0-2: Strikes out swinging
|
Top of the 9th over - 0 runs, 0 hits, 0 errors, 0 left on base; San Francisco 0 - San Diego 10 |
|